[Event "Titled Tuesday Blitz February 15 Late 2022"]
[White "Prohorov, Olexandr"]
[Black "Todorovic, Bojan"]
[WhiteFideId "14105578"]
[BlackFideId "917087"]
[WhiteElo "1993"]
[BlackElo "2266"]
[Result "1-0"]
[Round "08"]
[TimeControl "180+1"]
[Date "2022.02.16"]
[WhiteClock "0:00:23"]
[BlackClock "0:00:01"]

1. Nf3 g6 2. d4 Bg7 3. Nc3 d5 4. Bf4 c6 5. Qd2 Nf6 6. h4 Ne4 7. Nxe4 dxe4 8. Ne5 h5 9. e3 Be6 10. Be2 Nd7 11. O-O-O Nxe5 12. dxe5 Qb6 13. Kb1 O-O 14. Qc3 Rfd8 15. g4 Rxd1+ 16. Bxd1 Qa6 17. b3 Bxg4 18. Bxg4 hxg4 19. h5 gxh5 20. Rxh5 Qf1+ 21. Kb2 Rd8 22. Rg5 Rd1 23. Rxg4 Rb1+ 24. Ka3 Qa6+ 25. Kb4 Qb5+ 26. Ka3 c5 27. Qc4 Qa5+ 28. Qa4 Qxa4+ 29. Kxa4 Rb2 30. Bh6 Rxa2+ 31. Kb5 Rxc2 32. Rxg7+ Kf8 33. Rg4+ Ke8 34. Rxe4 Rxf2 35. Kxc5 Kd7 36. Bf4 Ke6 37. Ra4 a6 38. Kb6 Rb2 39. Rb4 Rc2 40. Kxb7 a5 41. Rb5 Rc3 42. Ka6 1-0


[Site "https://www.chess.com"]

[Event "Titled Tuesday Blitz February 15 Late 2022"]
[White "Przybylski, Wojciech"]
[Black "Jakubowski, Krzysztof"]
[WhiteFideId "1117599"]
[BlackFideId "1112848"]
[WhiteElo "2133"]
[BlackElo "2365"]
[Result "1-0"]
[Round "08"]
[TimeControl "180+1"]
[Date "2022.02.16"]
[WhiteClock "0:00:04"]
[BlackClock "0:00:01"]

1. e4 e5 2. Nf3 Nc6 3. Bb5 a6 4. Ba4 Nf6 5. O-O Be7 6. Re1 b5 7. Bb3 d6 8. c3 O-O 9. d4 Bg4 10. Be3 exd4 11. cxd4 Na5 12. Bc2 c5 13. Nbd2 Rc8 14. h3 Bh5 15. d5 Nd7 16. b3 Bf6 17. Rc1 Nb7 18. g4 Bg6 19. Nf1 Bb2 20. Rb1 Bc3 21. N3d2 c4 22. f4 cxb3 23. axb3 f6 24. Re2 Re8 25. Ng3 b4 26. Nc4 Ndc5 27. Bd4 a5 28. Bxc3 bxc3 29. Qd4 a4 30. b4 Nb3 31. Bxb3 axb3 32. Rxb3 Ra8 33. Qxc3 Qc7 34. Qd4 Rec8 35. Rc2 Qd8 36. Rbc3 Ra1+ 37. Kh2 h6 38. Ne3 Rxc3 39. Qxc3 Rb1 40. Qc8 Rb3 41. Ngf5 Kh7 42. Qxd8 Nxd8 43. Rc8 Nb7 44. Rb8 Na5 45. Ng2 Nc4 46. Ne7 Bxe4 47. Nh4 Rb2+ 48. Kg3 Rb3+ 49. Kh2 1-0


[Site "https://www.chess.com"]

[Event "Titled Tuesday Blitz February 15 Late 2022"]
[White "Quirke, Jeffrey"]
[Black "volunteers1998"]
[WhiteFideId "2013029"]
[WhiteElo "2183"]
[BlackElo "2255"]
[Result "1-0"]
[Round "08"]
[TimeControl "180+1"]
[Date "2022.02.16"]
[WhiteClock "0:00:05"]
[BlackClock "0:00:02"]

1. d4 f5 2. g4 fxg4 3. h3 d6 4. hxg4 Bxg4 5. Bh3 Nf6 6. Bxg4 Nxg4 7. e4 Nf6 8. Nc3 g6 9. Nf3 Bg7 10. Be3 Qd7 11. Qe2 Nc6 12. O-O-O O-O-O 13. d5 Ne5 14. Ng5 h6 15. Ne6 Rdg8 16. Bxa7 g5 17. Bd4 g4 18. Bxe5 dxe5 19. Qe3 Kb8 20. Qc5 Qd6 21. Qa5 Nd7 22. Nb5 Qb6 23. Qxb6 cxb6 24. Nc3 h5 25. Rh2 h4 26. Rdh1 Bf6 27. Ne2 Nf8 28. Nxf8 Rxf8 29. Rg2 Rhg8 30. Rhg1 g3 31. fxg3 hxg3 32. Rxg3 Rxg3 33. Rxg3 Kc7 34. b3 Kd6 35. a4 Kc5 36. Kb2 Rh8 37. Nc3 Rh2 38. Rg8 1-0


[Site "https://www.chess.com"]

[Event "Titled Tuesday Blitz February 15 Late 2022"]
[White "Rangel, Daniel"]
[Black "Vargas Pereda, Jesus Manue"]
[WhiteFideId "2124475"]
[BlackFideId "5115710"]
[WhiteElo "2187"]
[BlackElo "1780"]
[Result "1-0"]
[Round "08"]
[TimeControl "180+1"]
[Date "2022.02.16"]
[WhiteClock "0:02:11"]
[BlackClock "0:01:46"]

1. e4 c5 2. Nf3 Nc6 3. d4 cxd4 4. Nxd4 e5 5. Nb5 d6 6. N1c3 a6 7. Na3 b5 8. Nd5 Nf6 9. Bg5 Be7 10. Bxf6 Bxf6 11. c4 Be6 12. cxb5 axb5 13. Bxb5 Rc8 14. Rc1 Bd7 15. Nc4 Be7 16. Nxe7 Qxe7 17. Nxd6+ Kf8 18. Nxc8 1-0


[Site "https://www.chess.com"]

[Event "Titled Tuesday Blitz February 15 Late 2022"]
[White "Rasulov, Vugar"]
[Black "Bok, Benjamin"]
[WhiteFideId "13402390"]
[BlackFideId "1017063"]
[WhiteElo "2560"]
[BlackElo "2658"]
[Result "1-0"]
[Round "08"]
[TimeControl "180+1"]
[Date "2022.02.15"]
[WhiteClock "0:00:17"]
[BlackClock "0:00:02"]

1. d4 d5 2. c4 c6 3. Nf3 Nf6 4. Qc2 g6 5. Nc3 Bg7 6. Bf4 dxc4 7. e4 b5 8. O-O-O O-O 9. d5 Qa5 10. Bxb8 Rxb8 11. Nd4 Bb7 12. dxc6 Ba8 13. Kb1 b4 14. Nd5 Nxd5 15. exd5 c3 16. Nb3 Qb6 17. h4 a5 18. h5 a4 19. hxg6 hxg6 20. Bc4 axb3 21. Bxb3 Rfd8 22. Rhe1 Kf8 23. Qe4 Bf6 24. f4 Rd6 25. g4 Re8 26. g5 Bg7 27. Re2 Bxc6 28. dxc6 Qxc6 29. Qxc6 Rxc6 30. bxc3 bxc3 31. Kc2 Rb8 32. Rd7 e6 33. Re4 Rcc8 34. Ra4 Rd8 35. Raa7 Rxd7 36. Rxd7 Rb4 37. Rd8+ Ke7 38. Rg8 Bd4 39. a3 Rb7 40. Rc8 Be3 41. Rc4 Bd2 42. a4 Kd6 43. Rd4+ Kc5 44. Rc4+ Kb6 45. Rd4 Ka5 46. Rd8 Bxf4 47. Kxc3 Bxg5 48. Ra8+ Kb6 49. a5+ Kc7 50. a6 Bf6+ 51. Kc4 Rb6 52. Ra7+ Kb8 53. Rxf7 Rxa6 54. Rxf6 Kc7 55. Rxg6 Kd6 56. Kd4 Ke7 57. Rg7+ Kf6 58. Rb7 Rd6+ 59. Ke4 Rd2 60. Rb6 Re2+ 61. Kd3 Re5 62. Kd4 Re1 63. Bc4 Re5 64. Rb8 Re1 65. Rf8+ Ke7 66. Rh8 Rd1+ 67. Bd3 Re1 68. Be4 Kd6 69. Rd8+ Ke7 70. Ra8 Kd6 71. Ra6+ Ke7 72. Ke5 Re2 73. Rxe6+ Kd8 74. Kd6 Re1 75. Re5 Rd1+ 76. Bd5 Rg1 77. Rh5 Rg6+ 78. Be6 Ke8 1-0


[Site "https://www.chess.com"]

[Event "Titled Tuesday Blitz February 15 Late 2022"]
[White "Remizov, Yaroslav"]
[Black "Gurevich, Dmitry"]
[WhiteFideId "34134015"]
[BlackFideId "2000407"]
[WhiteElo "2360"]
[BlackElo "2506"]
[Result "0-1"]
[Round "08"]
[TimeControl "180+1"]
[Date "2022.02.15"]
[WhiteClock "0:00:02"]
[BlackClock "0:00:44"]

1. e3 d5 2. a3 c5 3. c4 Nf6 4. cxd5 Nxd5 5. Nf3 g6 6. d4 cxd4 7. Qxd4 f6 8. e4 Nc7 9. Qxd8+ Kxd8 10. Nc3 Nc6 11. Be3 e5 12. O-O-O+ Ke8 13. Nd5 Nxd5 14. exd5 Ne7 15. Kb1 Nf5 16. Bc4 Nxe3 17. fxe3 Bf5+ 18. Ka1 Bd6 19. Nd2 Ke7 20. e4 Bd7 21. Be2 Rac8 22. Rc1 Bc5 23. Kb1 Be3 24. Rxc8 Rxc8 25. Nc4 Bd4 26. Rf1 f5 27. d6+ Ke6 28. exf5+ gxf5 29. g4 f4 30. Bd3 Kd5 31. Rc1 e4 32. Bxe4+ Kxe4 33. Nd2+ Kd5 34. Rd1 Bxg4 35. Rf1 Be3 36. Nb3 Kxd6 37. a4 Bf5+ 38. Ka1 Be6 39. Na5 b6 40. Rd1+ Kc7 0-1


[Site "https://www.chess.com"]

[Event "Titled Tuesday Blitz February 15 Late 2022"]
[White "Riehle, Marco"]
[Black "Kopczynski, Michal"]
[WhiteFideId "12904392"]
[BlackFideId "1124200"]
[WhiteElo "2462"]
[BlackElo "2235"]
[Result "1-0"]
[Round "08"]
[TimeControl "180+1"]
[Date "2022.02.16"]
[WhiteClock "0:01:52"]
[BlackClock "0:00:05"]

1. e4 c5 2. a3 g6 3. h4 Bg7 4. h5 gxh5 5. Nc3 d6 6. Bc4 Nf6 7. d3 Nc6 8. Bg5 Bg4 9. f3 Bd7 10. Qd2 Qb6 11. O-O-O O-O-O 12. Nge2 Ne5 13. Ba2 h6 14. Bxf6 Bxf6 15. Nd5 Qa6 16. Nxf6 exf6 17. Rxh5 Be6 18. Bxe6+ fxe6 19. Rxh6 Rhf8 20. d4 Nc4 21. Qc3 Nxb2 22. Kxb2 Qxe2 23. Rd2 Qb5+ 24. Qb3 Qxb3+ 25. cxb3 cxd4 26. Rxd4 Rf7 27. g4 Kd7 28. Kc3 Rc8+ 29. Kd2 Ke7 30. Ra4 a6 31. Rb4 b5 32. a4 Rc5 33. axb5 axb5 34. Rd4 d5 35. exd5 exd5 36. Rh5 Ke6 37. b4 Rc4 38. Rhxd5 Rxd4+ 39. Rxd4 Ra7 40. f4 Ra2+ 41. Ke3 Ra3+ 42. Ke4 Rb3 43. f5+ Ke7 44. Kd5 Rc3 45. Re4+ Kf7 46. Kd6 Rc4 47. Kd5 Rc3 48. Rd4 Ke7 49. Ke4 Rc1 50. Kf4 Rf1+ 51. Kg3 Rc1 52. Re4+ Kf7 53. Re6 Rc4 54. Rb6 Rxb4 55. Kh4 Rb1 56. Rb7+ Ke8 57. Kh5 b4 58. Kg6 b3 59. Kxf6 b2 60. g5 Kd8 61. g6 Kc8 62. Rb3 Kd7 63. g7 Rg1 64. Rxb2 Kd6 65. Rb8 1-0


[Site "https://www.chess.com"]

[Event "Titled Tuesday Blitz February 15 Late 2022"]
[White "Rustemov, Alexander"]
[Black "Kushko, Dmitriy"]
[WhiteFideId "4119002"]
[BlackFideId "14162261"]
[WhiteElo "2781"]
[BlackElo "2225"]
[Result "1/2-1/2"]
[Round "08"]
[TimeControl "180+1"]
[Date "2022.02.15"]
[WhiteClock "0:00:41"]
[BlackClock "0:00:16"]

1. d4 g6 2. c4 Bg7 3. Nf3 Nf6 4. g3 O-O 5. Bg2 d6 6. Nc3 Nc6 7. O-O Rb8 8. h3 a6 9. e4 b5 10. d5 b4 11. Ne2 Na5 12. Qd3 Nd7 13. Ned4 c5 14. Ne2 Nb6 15. Nd2 e6 16. g4 f5 17. f3 f4 18. Rb1 Nd7 19. b3 g5 20. Bb2 Bxb2 21. Rxb2 Ne5 22. Qc2 Nb7 23. a3 a5 24. Ra2 Bd7 25. Rfa1 Qb6 26. Nc1 h6 27. Nd3 Nxd3 28. Qxd3 e5 29. Kf2 Kf7 30. h4 Rh8 31. h5 Rhf8 32. Bf1 Rfc8 33. Be2 Ke8 34. Kg2 Kd8 1/2-1/2


[Site "https://www.chess.com"]

[Event "Titled Tuesday Blitz February 15 Late 2022"]
[White "Sailer, Mike"]
[Black "Jarocka, Liwia"]
[WhiteFideId "2012901"]
[BlackFideId "21807558"]
[WhiteElo "2109"]
[BlackElo "1896"]
[Result "1-0"]
[Round "08"]
[TimeControl "180+1"]
[Date "2022.02.16"]
[WhiteClock "0:00:03"]
[BlackClock "0:00:11"]

1. d4 c6 2. Nf3 d5 3. Be3 Bg4 4. Ne5 Bf5 5. g3 Nf6 6. Bg2 Nbd7 7. Nxd7 Qxd7 8. Nd2 Bh3 9. Bxh3 Qxh3 10. Nf3 e6 11. Qd3 Bd6 12. O-O-O O-O 13. Ng5 Qf5 14. Qxf5 exf5 15. Bf4 Bxf4+ 16. gxf4 Rfe8 17. e3 Ng4 18. Rdf1 f6 19. Nf3 Nh6 20. Rhg1 Nf7 21. h4 Kh8 22. Rg2 Nd6 23. Rfg1 Re7 24. h5 Rc8 25. Nh4 c5 26. dxc5 Rxc5 27. Rd1 a5 28. Nf3 Rec7 29. Nd4 b5 30. Ne6 Rxc2+ 31. Kb1 R7c5 32. Rxg7 Rc8 33. Rd7 Ne4 34. a3 Kg8 35. R7xd5 Nxf2 36. Rg1+ Kf7 37. Nd4 R2c7 38. Nxf5 Ke6 39. e4 Nxe4 40. Ne3 b4 41. f5+ Kf7 42. Rxa5 bxa3 43. Rxa3 Nd2+ 44. Ka2 Nf3 45. Rg3 Ng5 46. Nd5 Rb7 47. Nc3 Rcb8 48. Rg2 Rb4 49. Rd2 R8b7 50. Rd5 Nf3 51. Nd1 Ne5 52. Ra6 Nc4 53. Rdd6 Nxb2 54. Rxf6+ Kg7 55. h6+ Kg8 56. Ra8+ Rb8 57. Rxb8+ Rxb8 58. Nxb2 Ra8+ 59. Kb1 Rc8 60. Re6 Rf8 61. Re5 Rf6 62. Kc2 Rxh6 63. Kd3 Rh2 64. Nc4 Kf7 65. Ke4 Rh4+ 66. Kd5 Kf6 67. Nd6 Rh1 68. Re6+ Kg7 69. Ne4 Rd1+ 70. Ke5 h5 71. Re7+ Kf8 72. f6 Rf1 73. Nd6 h4 74. Re8# 1-0


[Site "https://www.chess.com"]

[Event "Titled Tuesday Blitz February 15 Late 2022"]
[White "Sliwicki, Damian"]
[Black "Yushko, Olga"]
[WhiteFideId "1127128"]
[BlackFideId "14114500"]
[WhiteElo "2084"]
[BlackElo "2028"]
[Result "0-1"]
[Round "08"]
[TimeControl "180+1"]
[Date "2022.02.16"]
[WhiteClock "0:00:09"]
[BlackClock "0:01:15"]

1. e4 d6 2. d4 e5 3. Nf3 Nf6 4. dxe5 Nxe4 5. Bc4 Be7 6. Bxf7+ Kxf7 7. Qd5+ Be6 8. Qxe4 d5 9. Qf4+ Ke8 10. Nc3 c5 11. Bd2 Nc6 12. O-O-O Rf8 13. Qg3 g6 14. Kb1 d4 15. Ne4 Qd5 16. Nd6+ Bxd6 17. c4 dxc3 18. Bxc3 Qxa2+ 19. Kc1 Qa1+ 20. Kd2 Qa4 21. exd6 Kd7 22. Ne5+ Nxe5 23. Qxe5 Rxf2+ 24. Ke1 Raf8 25. Qe3 Qc2 26. Rc1 Qf5 27. Bg7 Rf1+ 28. Rxf1 Qxf1+ 29. Kd2 Rf2+ 30. Kc3 Qc4# 0-1


[Site "https://www.chess.com"]

[Event "Titled Tuesday Blitz February 15 Late 2022"]
[White "Slugin, Sergey"]
[Black "Namitbir Singh Walia"]
[WhiteFideId "4122569"]
[BlackFideId "35071068"]
[WhiteElo "2358"]
[BlackElo "1479"]
[Result "0-1"]
[Round "08"]
[TimeControl "180+1"]
[Date "2022.02.16"]
[WhiteClock "0:00:01"]
[BlackClock "0:00:05"]

1. e4 c5 2. Nf3 Nc6 3. d4 cxd4 4. Nxd4 g6 5. Nc3 Bg7 6. Be3 Nf6 7. Nxc6 bxc6 8. e5 Nd5 9. Nxd5 cxd5 10. Qxd5 Rb8 11. O-O-O Qc7 12. f4 O-O 13. h4 d6 14. Qc4 Qb7 15. b3 Be6 16. Qa4 dxe5 17. fxe5 Bxe5 18. Ba6 Qxg2 19. h5 Bf5 20. Bd2 Bc3 21. Rhe1 Rfd8 22. Re2 Qd5 23. Bc4 Qd4 24. hxg6 hxg6 25. Qc6 Bxd2+ 26. Kb1 Qc3 0-1


[Site "https://www.chess.com"]

[Event "Titled Tuesday Blitz February 15 Late 2022"]
[White "Tan, Jun Ying"]
[Black "Sarkar, Justin"]
[WhiteFideId "5710413"]
[BlackFideId "2010011"]
[WhiteElo "1827"]
[BlackElo "2038"]
[Result "1-0"]
[Round "08"]
[TimeControl "180+1"]
[Date "2022.02.16"]
[WhiteClock "0:01:25"]
[BlackClock "0:00:02"]

1. d4 Nf6 2. c4 e6 3. Nc3 Bb4 4. e3 Bxc3+ 5. bxc3 d6 6. Bd3 c5 7. Ne2 Nc6 8. e4 e5 9. d5 Ne7 10. O-O O-O 11. f3 Ne8 12. Ng3 f5 13. exf5 Nxf5 14. Qc2 g6 15. Ne4 Qc7 16. Bg5 h6 17. Bd2 Qg7 18. f4 exf4 19. Bxf4 g5 20. Bd2 Bd7 21. Rf2 Nh4 22. Rxf8+ Qxf8 23. Rf1 Qg7 24. Be1 1-0


[Site "https://www.chess.com"]

[Event "Titled Tuesday Blitz February 15 Late 2022"]
[White "Tasev, Dejan"]
[Black "Antova, Gabriela"]
[WhiteFideId "936618"]
[BlackFideId "2915235"]
[WhiteElo "2253"]
[BlackElo "2184"]
[Result "1-0"]
[Round "08"]
[TimeControl "180+1"]
[Date "2022.02.16"]
[WhiteClock "0:00:44"]
[BlackClock "0:00:12"]

1. e4 c5 2. Nf3 Nc6 3. Nc3 e5 4. Bc4 g6 5. d3 Bg7 6. a3 Nge7 7. h4 d6 8. h5 Be6 9. Bxe6 fxe6 10. hxg6 Nxg6 11. Ng5 Qe7 12. Be3 O-O-O 13. Qg4 Rde8 14. O-O-O h6 15. Nf3 Qf7 16. Nd2 Nf4 17. Nc4 Bf8 18. g3 h5 19. Qh4 Ng6 20. Qh3 Nd4 21. Rdf1 Kb8 22. f4 exf4 23. gxf4 Qd7 24. Rhg1 Ne7 25. Bxd4 cxd4 26. Ne2 Nc6 27. f5 d5 28. Nd2 dxe4 29. Nxe4 Be7 30. f6 Bd8 31. Rg7 Qc8 32. Nd6 1-0


[Site "https://www.chess.com"]

[Event "Titled Tuesday Blitz February 15 Late 2022"]
[White "Timofeev, Artyom"]
[Black "Mirzoev, Azer"]
[WhiteFideId "4140419"]
[BlackFideId "13400304"]
[WhiteElo "2583"]
[BlackElo "2525"]
[Result "0-1"]
[Round "08"]
[TimeControl "180+1"]
[Date "2022.02.15"]
[WhiteClock "0:00:07"]
[BlackClock "0:00:24"]

1. d4 d5 2. c4 e6 3. Nc3 Be7 4. g3 Nf6 5. Bg2 O-O 6. Nf3 c6 7. O-O Nbd7 8. b3 b6 9. Bb2 Bb7 10. Re1 Rc8 11. Rc1 h6 12. h3 Re8 13. Ne5 Nxe5 14. dxe5 Nd7 15. f4 Nc5 16. Kh2 dxc4 17. Qc2 cxb3 18. axb3 a5 19. f5 exf5 20. Qxf5 Rc7 21. Rcd1 Qc8 22. Qh5 Qe6 23. Rf1 Rd8 24. h4 Rxd1 25. Nxd1 Bc8 26. Ne3 Qg6 27. Qf3 Be6 28. Bd4 Bf8 29. Nc4 Bd5 30. Qe3 Bxg2 31. Kxg2 Qe6 32. Nd6 Nxb3 33. Bxb6 Rd7 34. Nf5 a4 35. Rf3 c5 36. Nd6 Bxd6 37. exd6 Qxe3 38. Rxe3 Rxd6 39. Bc7 Re6 40. Rc3 Rxe2+ 41. Kf3 Re7 42. Bf4 h5 43. Rc4 Ra7 44. Be5 Nd4+ 45. Ke4 Ne6 46. Ba1 a3 47. Kf5 a2 48. Ke5 Kh7 49. Kf5 Ra3 50. g4 Rf3+ 51. Ke4 Rf4+ 52. Kd5 Rxc4 53. Kxc4 hxg4 0-1


[Site "https://www.chess.com"]

[Event "Titled Tuesday Blitz February 15 Late 2022"]
[White "Tregubov, Pavel V."]
[Black "Ramirez, Alejandro"]
[WhiteFideId "4115341"]
[BlackFideId "6500617"]
[WhiteElo "2341"]
[BlackElo "2694"]
[Result "1-0"]
[Round "08"]
[TimeControl "180+1"]
[Date "2022.02.15"]
[WhiteClock "0:00:31"]
[BlackClock "0:00:17"]

1. e4 c5 2. Nf3 e6 3. c3 Nf6 4. e5 Nd5 5. d4 cxd4 6. cxd4 d6 7. Bc4 Nc6 8. O-O dxe5 9. dxe5 Nb6 10. Bd3 Nb4 11. Bb5+ Bd7 12. Bg5 Be7 13. Bxe7 Qxe7 14. Qe2 O-O 15. Nc3 Rac8 16. a3 N4d5 17. Nxd5 Nxd5 18. Bxd7 Qxd7 19. Rfd1 Rc7 20. Qd3 h6 21. Nd4 Rfc8 22. Nb5 Rc5 23. Nd6 R8c6 24. g3 Rc2 25. Rd2 Qc7 26. Rad1 a6 27. Kg2 R6c5 28. Rxc2 Rxc2 29. Rd2 Qc6 30. Kh3 Rc1 31. Qf3 Rc2 32. Qxf7+ Kh8 33. Ne8 Nf4+ 34. Qxf4 Rxd2 35. Qf8+ 1-0


[Site "https://www.chess.com"]

[Event "Titled Tuesday Blitz February 15 Late 2022"]
[White "Vusatiuk, Vladimir"]
[Black "Goryachkina, Aleksandra"]
[WhiteFideId "14118610"]
[BlackFideId "4147103"]
[WhiteElo "2157"]
[BlackElo "2426"]
[Result "1-0"]
[Round "08"]
[TimeControl "180+1"]
[Date "2022.02.16"]
[WhiteClock "0:00:02"]
[BlackClock "0:00:02"]

1. h4 d5 2. Nf3 Bf5 3. d3 e6 4. Nd4 c5 5. Nxf5 exf5 6. g3 Nc6 7. Bg2 Nf6 8. c4 dxc4 9. Qa4 cxd3 10. Bxc6+ bxc6 11. Qxc6+ Nd7 12. exd3 Be7 13. O-O O-O 14. Bf4 Nb6 15. Nc3 Qxd3 16. Rad1 Qc4 17. Rfe1 Bf6 18. Be5 Bxe5 19. Rxe5 Rac8 20. Qb7 Na4 21. Rde1 h6 22. Nd5 Rb8 23. Qxa7 Nxb2 24. Rxf5 Nd3 25. Rxf7 Rxf7 26. Qxb8+ Kh7 27. Ne7 Rxf2 28. Rd1 Rb2 29. Qd6 Qc2 30. Qg6+ Kh8 31. Qe8+ 1-0


[Site "https://www.chess.com"]

[Event "Titled Tuesday Blitz February 15 Late 2022"]
[White "Wagner, Dennis"]
[Black "Deac, Bogdan-Daniel"]
[WhiteFideId "24650684"]
[BlackFideId "1226380"]
[WhiteElo "2355"]
[BlackElo "2646"]
[Result "0-1"]
[Round "08"]
[TimeControl "180+1"]
[Date "2022.02.15"]
[WhiteClock "0:00:03"]
[BlackClock "0:00:06"]

1. d4 Nf6 2. c4 e6 3. Nc3 Bb4 4. e3 O-O 5. Bd3 c5 6. Nf3 Nc6 7. a3 Bxc3+ 8. bxc3 d6 9. e4 e5 10. d5 Ne7 11. h3 Ng6 12. Be3 h6 13. Qd2 Nh7 14. g4 Qf6 15. Ke2 Nf4+ 16. Bxf4 exf4 17. Rag1 Ng5 18. h4 Nxf3 19. Kxf3 Qe5 20. Rc1 h5 21. Qxf4 hxg4+ 22. Kg3 f6 23. h5 Bd7 24. h6 g5 25. Qxe5 fxe5 26. Be2 Kh7 27. Rh5 Rf4 28. Rch1 Rg8 29. Bd1 b6 30. Be2 Rg6 31. Bd1 Be8 32. Be2 Rg8 33. R5h2 Bg6 34. Bxg4 Bxe4 35. f3 Bf5 36. Bxf5+ Rxf5 37. a4 Rgf8 38. Rf2 Rf4 39. a5 g4 40. axb6 axb6 41. Rb2 gxf3 42. Kf2 Rg8 43. Rxb6 Rg2+ 44. Kf1 Rf7 45. Rxd6 Ra2 46. Rh5 f2 47. Rxe5 Ra1+ 48. Kg2 f1=Q+ 49. Kg3 Qf2+ 50. Kg4 Qf3+ 51. Kg5 Rg1+ 52. Kh4 Rh1+ 0-1


[Site "https://www.chess.com"]

[Event "Titled Tuesday Blitz February 15 Late 2022"]
[White "Wan, Joseph"]
[Black "Iturrizaga Bonelli, Eduardo"]
[WhiteFideId "2069890"]
[BlackFideId "3901211"]
[WhiteElo "2149"]
[BlackElo "2646"]
[Result "1-0"]
[Round "08"]
[TimeControl "180+1"]
[Date "2022.02.15"]
[WhiteClock "0:00:10"]
[BlackClock "0:00:14"]

1. d4 Nf6 2. Bf4 e6 3. e3 b6 4. Nf3 Bb7 5. Nbd2 g6 6. Bd3 Bg7 7. O-O O-O 8. h3 c5 9. c3 d5 10. Ne5 Nc6 11. Qa4 Qc8 12. Rad1 a6 13. Qc2 Nd7 14. Ndf3 c4 15. Be2 b5 16. Rfe1 f6 17. Nxd7 Qxd7 18. e4 dxe4 19. Qxe4 Nb4 20. Qb1 Nd5 21. Bd2 Rac8 22. Bf1 Rfe8 23. Nh2 a5 24. Ng4 b4 25. Qc1 Qd6 26. Bh6 Bh8 27. Bd2 h5 28. Nh2 Bg7 29. Nf3 Kh7 30. Nh4 Nb6 31. Qb1 f5 32. Qc1 Bd5 33. Bf4 Qd8 34. g3 Bf6 35. Ng2 g5 36. Be5 Bf3 37. Rd2 Kg6 38. Bxf6 Qxf6 39. Ne3 g4 40. h4 f4 41. Ng2 Nd5 42. Re5 Rf8 43. Qe1 Rce8 44. Bxc4 fxg3 45. fxg3 bxc3 46. bxc3 Bxg2 47. Kxg2 Qf3+ 48. Kh2 Qxc3 49. Qe4+ Kg7 50. Rg5+ Kf6 51. Rg6+ Kf7 52. Rf2+ Qf3 53. Rxf3+ gxf3 54. Rh6 f2 55. Qh7# 1-0


[Site "https://www.chess.com"]

[Event "Titled Tuesday Blitz February 15 Late 2022"]
[White "Wartiovaara, Oliver"]
[Black "Stankovic, Ivan G"]
[WhiteFideId "513024"]
[BlackFideId "902837"]
[WhiteElo "1971"]
[BlackElo "2195"]
[Result "1/2-1/2"]
[Round "08"]
[TimeControl "180+1"]
[Date "2022.02.16"]
[WhiteClock "0:00:14"]
[BlackClock "0:00:08"]

1. e4 c5 2. Nf3 Nc6 3. d4 cxd4 4. Nxd4 g6 5. c4 Nf6 6. Nc3 d6 7. Be3 Ng4 8. Bc1 Qb6 9. Nce2 Bg7 10. h3 Nxf2 11. Kxf2 Nxd4 12. Be3 e5 13. Qd2 O-O 14. Rd1 f5 15. Kg1 fxe4 16. Nxd4 exd4 17. Bxd4 Bxd4+ 18. Qxd4 e3 19. Rh2 Be6 20. g4 Rf3 21. Re2 Raf8 22. Qxb6 axb6 23. b3 d5 24. Bg2 dxc4 25. Bxf3 Rxf3 26. Rd6 Kf7 27. Kg2 Rf4 28. Rxe3 cxb3 29. axb3 Bc8 30. Rxb6 Rd4 31. Rc3 Rd8 32. Rb4 Kf6 33. Rc7 h5 34. Rb6+ Kg5 35. Rc5+ Kh4 36. Rxg6 hxg4 37. Rxg4+ Bxg4 38. hxg4 Kxg4 39. Rc7 Rd2+ 40. Kf1 b5 41. Rc5 Kf3 42. Ke1 Re2+ 43. Kd1 b4 44. Rc4 Re4 45. Kc2 Ke3 46. Rc5 Rd4 47. Re5+ Kf4 48. Rh5 Kg4 49. Re5 Kf4 50. Re8 Kf5 51. Rf8+ Ke6 52. Re8+ Kf7 53. Rc8 Ke6 54. Re8+ Kd7 55. Rh8 Kc6 56. Rh6+ Kb5 57. Rh5+ Kb6 58. Rh6+ Kc7 59. Rh7+ Kc6 60. Rh6+ Kc5 61. Rh5+ Kb6 62. Rh6+ Kc5 63. Rh5+ Kd6 64. Rh6+ Ke5 65. Rh5+ Kf6 66. Rh6+ Kg5 67. Rc6 Kf4 68. Rc4 Ke3 69. Rc5 Rd2+ 70. Kc1 Rd3 71. Kc2 Rd2+ 72. Kc1 Rh2 73. Rc4 Kd3 74. Rxb4 Kc3 75. Rc4+ Kxb3 76. Rc8 Rh1+ 77. Kd2 Rh2+ 78. Kd3 Rh3+ 79. Kd4 Rh4+ 80. Kd3 Rh3+ 81. Kd4 Kb2 82. Rb8+ Rb3 1/2-1/2


[Site "https://www.chess.com"]

[Event "Titled Tuesday Blitz February 15 Late 2022"]
[White "Weetik, Vjacheslav"]
[Black "Titichoca Daza, Daniel"]
[WhiteFideId "4153472"]
[BlackFideId "3309550"]
[WhiteElo "2469"]
[BlackElo "1968"]
[Result "0-1"]
[Round "08"]
[TimeControl "180+1"]
[Date "2022.02.16"]
[WhiteClock "0:00:01"]
[BlackClock "0:00:45"]

1. d4 Nf6 2. c4 g6 3. Nc3 Bg7 4. e4 d6 5. f4 O-O 6. Nf3 c5 7. dxc5 Qa5 8. Bd3 Qxc5 9. Qe2 Bg4 10. Be3 Bxf3 11. Qxf3 Qh5 12. Qxh5 Nxh5 13. O-O Nc6 14. Rab1 Bxc3 15. bxc3 b6 16. Rf3 Rac8 17. g4 Nf6 18. g5 Nd7 19. h4 Nc5 20. Bc2 Na5 21. Re1 Nxc4 22. Bc1 e6 23. h5 Rfd8 24. Kg2 d5 25. exd5 Rxd5 26. Rh1 Rcd8 27. hxg6 fxg6 28. Rfh3 Rd2+ 29. Bxd2 Rxd2+ 30. Kf3 Rxc2 31. Rxh7 Rxc3+ 32. Ke2 Rc2+ 33. Kf3 Rc3+ 34. Ke2 Re3+ 35. Kd1 Rd3+ 36. Kc2 Ne3+ 37. Kb1 Rd1+ 38. Rxd1 Nxd1 39. Rxa7 Nc3+ 40. Kc2 Nd5 41. a4 Nxf4 42. Kd2 Nd5 0-1


[Site "https://www.chess.com"]

[Event "Titled Tuesday Blitz February 15 Late 2022"]
[White "Wieczorek, Oskar"]
[Black "Bon, Michael"]
[WhiteFideId "1133950"]
[BlackFideId "620696"]
[WhiteElo "2319"]
[BlackElo "2469"]
[Result "1-0"]
[Round "08"]
[TimeControl "180+1"]
[Date "2022.02.16"]
[WhiteClock "0:02:21"]
[BlackClock "0:01:26"]

1. e4 c5 2. Nf3 d6 3. d4 cxd4 4. Nxd4 Nf6 5. Nc3 Nc6 6. h3 g6 7. Bc4 Bg7 8. O-O O-O 9. Re1 Bd7 10. Be3 Rc8 11. Bb3 Na5 12. Qd3 a6 13. Nd5 Nxb3 14. axb3 e6 15. Nxf6+ Qxf6 16. c3 Rfd8 17. Nf3 Bc6 18. Bg5 1-0


[Site "https://www.chess.com"]

[Event "Titled Tuesday Blitz February 15 Late 2022"]
[White "Yurovskykh, Oleksandr"]
[Black "Koepke, Christian"]
[WhiteFideId "14134020"]
[BlackFideId "4655737"]
[WhiteElo "2292"]
[BlackElo "2180"]
[Result "1-0"]
[Round "08"]
[TimeControl "180+1"]
[Date "2022.02.16"]
[WhiteClock "0:00:46"]
[BlackClock "0:00:02"]

1. d4 d5 2. Bf4 c5 3. e3 cxd4 4. exd4 Nc6 5. c3 f6 6. Nf3 g5 7. Be3 Bf5 8. Bd3 Qd7 9. h3 h5 10. Qc2 Nh6 11. Nbd2 O-O-O 12. O-O-O Bg7 13. h4 g4 14. Ng1 Kb8 15. Bxh6 Bxd3 16. Bf4+ e5 17. Qxd3 exf4 18. Ne2 Bh6 19. Kc2 Rde8 20. Nc1 Ne7 21. Ncb3 b6 22. Rde1 Nf5 23. Kd1 Nd6 24. Rxe8+ Rxe8 25. Re1 Ne4 26. Nxe4 dxe4 27. Rxe4 Re6 28. Qe2 Rxe4 29. Qxe4 f5 30. Qe5+ Kb7 31. d5 f3 32. gxf3 gxf3 33. Nd4 Bg7 34. Qxf5 Qa4+ 35. Nb3 Qxa2 36. Kc2 Qa4 37. Qf7+ Ka6 38. Qxf3 Qxh4 39. Nd2 Qg5 40. Qd3+ Kb7 41. Ne4 Qg6 42. Nc5+ bxc5 43. Qxg6 1-0


[Site "https://www.chess.com"]